 Dungeon Crawl Stone Soup version 0.25.1-2-g60ff931df9 (webtiles) character file.

Game seed: 12357764792991141249

53 Revguard the Grave Robber (level 3, -2/19 HPs)
             Began as a Deep Elf Necromancer on Aug 6, 2020.
             Slain by a gnoll
             ... wielding a +0 halberd
              (6 damage)
             ... on level 2 of the Dungeon.
             The game lasted 00:04:56 (1740 turns).

Revguard the Grave Robber (Deep Elf Necromancer)    Turns: 1740, Time: 00:04:57

Health: -2/19      AC:  2    Str:  5    XL:     3   Next: 62%
Magic:  10/10      EV: 13    Int: 19    God:
Gold:   65         SH:  0    Dex: 16    Spells: 5/10 levels left

rFire    . . .     SeeInvis .   g - +0 spear
rCold    . . .     Gourm    .   (no shield)
rNeg     . . .     Faith    .   a - +0 robe
rPois    +         Spirit   .   (no helmet)
rElec    .         Reflect  .   (no cloak)
rCorr    .         Harm     .   (no gloves)
MR       .....                  (no boots)
Stlth    ++........             (no amulet)
HPRegen  0.06/turn              h - ring of poison resistance
MPRegen  0.12/turn              (no ring)

@: no status effects
A: no striking features
a: no special abilities


You were on level 2 of the Dungeon.
You were not hungry.

You visited 1 branch of the dungeon, and saw 2 of its levels.

You collected 65 gold pieces.

Inventory:

Hand Weapons
 g - a +0 spear (weapon)
Armour
 a - a +0 robe (worn)
Jewellery
 h - a ring of poison resistance (left hand)
 i - an uncursed ring of wizardry {unknown}
Scrolls
 d - 2 scrolls of amnesia {unknown}
 e - 2 scrolls of remove curse {unknown}
Potions
 b - a potion of cancellation {unknown}
Comestibles
 c - a ration
 f - a chunk of flesh


   Skills:
 + Level 2.5 Dodging
 + Level 2.5 Stealth
 + Level 4.3 Spellcasting
 + Level 5.6 Necromancy


You had 5 spell levels left.
You knew the following spells:

 Your Spells              Type           Power        Failure   Level  Hunger
a - Pain                  Necr           ####         1%          1    None
b - Animate Skeleton      Necr           N/A          1%          1    None
c - Vampiric Draining     Necr           ####......   3%          3    ###....

Your spell library contained the following spells:

 Spells                   Type           Power        Failure   Level  Hunger
 Animate Dead             Necr           N/A          13%         4    ####...
 Agony                    Necr           ####....     34%         5    ######.


Dungeon Overview and Level Annotations

Branches:
Dungeon (2/15)

Altars:


Message History

You butcher the gnoll corpse.
f - 4 chunks of flesh
Things that are here:
a +0 halberd; a gnoll skeleton You start resting.
Eating one of 4 chunks of flesh.
You eat one of the 4 chunks of flesh.
This raw flesh tastes terrible.
You are feeling hungry.
Eating one of 3 chunks of flesh.
You eat one of the 3 chunks of flesh.
This raw flesh tastes terrible.
Magic restored.
You start resting.
Eating one of 2 chunks of flesh.
You eat one of the 2 chunks of flesh.
This raw flesh tastes terrible.
HP restored.
There is a stone staircase leading down here.
You climb downwards.
The gnoll hits you with a +0 halberd!
Ouch! That really hurt!
* * * LOW HITPOINT WARNING * * *
The gnoll hits you with a +0 halberd.
You die...

.. .# .#
.(#.##.# .......
#.#... #.#..#
#.#..####.
#.#.>.....
###.###g@......(
#$.....g.[.#####
#.#.########


You could see a gnoll and a goblin.

Vanquished Creatures
  3 gnolls (D:1)
  An ooze (D:1)
  A dart slug (D:1)
  A leopard gecko (D:1)
  A bat (D:1)
  A giant cockroach (D:1)
  3 goblins (D:1)
  2 hobgoblins (D:1)
  3 kobolds (D:1)
  2 frilled lizards (D:1)
  2 rats (D:1)
20 creatures vanquished.

Notes
Turn   | Place    | Note
-------+----------+-------------------------------------------
     0 | D:1      | Revguard the Deep Elf Necromancer began the quest for the
                  | Orb.
     0 | D:1      | Reached XP level 1. HP: 10/10 MP: 6/6
    65 | D:1      | Learned a level 1 spell: Animate Skeleton
    76 | D:1      | Reached skill level 5 in Necromancy
   347 | D:1      | Reached XP level 2. HP: 11/15 MP: 1/8
   850 | D:1      | Reached XP level 3. HP: 11/19 MP: 0/10
  1262 | D:1      | Learned a level 3 spell: Vampiric Draining
  1740 | D:2      | Slain by a gnoll

Illustrated notes

Levels and vault maps discovered:
D:1:      ncdulo_halloftheorcs, layout_basic
D:2:      layout_loops_ring, overflow_temple_1_default, uniq_terence

Skill      XL: |  1  2  3 |
---------------+----------+-----
Necromancy     | 5 |  5.6
Spellcasting   | 4 |  4.3
Dodging        | |  2.5
Stealth        | |  2.5

Action                   || total
-------------------------++-------
 Cast: Pain              ||    40
       Animate Skeleton  ||     5
       Vampiric Draining ||     4
  Eat: Chunk             ||     3
Armor: Robe              ||     1
Dodge: Dodged            ||    10
